 Dungeon Crawl Stone Soup version 0.22.1-1-ga44c0e5 (webtiles) character file.

1320 Folque the Digger (level 8, -20/63 HPs)
             Began as a Green Draconian Earth Elementalist on Nov 10, 2018.
             Was a Follower of Sif Muna.
             Demolished by a two-headed ogre
             ... wielding a +0 giant club
              (33 damage)
             ... on level 6 of the Dungeon.
             The game lasted 00:20:47 (5566 turns).

Folque the Digger (DrEE)                            Turns: 5566, Time: 00:20:49

Health: -20/63     AC:  6    Str: 11    XL:     8   Next: 33%
Magic:  3/14       EV: 12    Int: 17    God:    Sif Muna [*.....]
Gold:   422        SH:  0    Dex: 12    Spells: 0/15 levels left

rFire    . . .     SeeInvis .   m - +1 scythe (venom)
rCold    . . .     Gourm    .   (shield currently unavailable)
rNeg     . . .     Faith    .   (armour unavailable)
rPois    +         Spirit   .   (helmet restricted)
rElec    .         Reflect  .   (no cloak)
rCorr    .         Harm     .   (no gloves)
MR       .....                  (no boots)
Stlth    ++........             (no amulet)
HPRegen  0.20/turn              (no ring)
MPRegen  0.14/turn              (no ring)

@: no status effects
A: breathe noxious fumes, unfitting armour, big wings, horns 1, poison
resistance, cold-blooded, AC +6
a: Breathe Noxious Fumes, Fly, Divine Energy, Renounce Religion


You were on level 6 of the Dungeon.
You worshipped Sif Muna.
Sif Muna was aware of your devotion.
You were not hungry.

You visited 2 branches of the dungeon, and saw 7 of its levels.
You also visited: Sewer.

You collected 422 gold pieces.

Inventory:

Hand Weapons
 e - a +0 hand axe
 m - a +1 scythe of venom (weapon)
 t - a +0 mace
Missiles
 b - 278 stones (quivered)
 g - 13 poisoned needles
Armour
 h - a cursed +0 buckler
Jewellery
 d - an uncursed ring of positive energy {unknown}
 p - an uncursed ring of flight {unknown}
Wands
 n - a wand of acid (11)
 y - a wand of paralysis (10)
Scrolls
 a - 8 scrolls of identify {unknown}
 f - 2 scrolls of amnesia {unknown}
 i - 2 scrolls of enchant weapon {unknown}
 j - 4 scrolls of remove curse {unknown}
 o - 2 scrolls of teleportation {unknown}
 s - a scroll of enchant armour {unknown}
 u - a scroll of random uselessness {unknown}
 x - 2 scrolls of immolation {unknown}
 A - a scroll of noise {unknown}
Potions
 k - 2 potions of heal wounds
 l - 3 potions of lignification {unknown}
 q - a potion of curing {unknown}
 r - a potion of resistance {unknown}
 v - a potion of cancellation {unknown}
 w - 2 potions of flight {unknown}
 z - a potion of berserk rage {unknown}
 B - 2 potions of brilliance {unknown}
Comestibles
 c - 11 rations
 C - 6 chunks of flesh


   Skills:
 - Level 3.2 Fighting
 - Level 1.7 Dodging
 - Level 1.7 Stealth
 - Level 4.4 Spellcasting
 - Level 4.2 Conjurations
 + Level 2.4 Transmutations
 * Level 7.5 Earth Magic


You couldn't memorise any spells.
You knew the following spells:

 Your Spells              Type           Power        Failure   Level  Hunger
a - Sandblast             Erth           ####..       1%          1    None
b - Passwall              Tmut/Erth      ###.....     3%          2    ##.....
c - Stone Arrow           Conj/Erth      ###...       4%          3    ###....
d - Lee's Rapid Deconstr  Erth           ####......   19%         5    ######.
e - Petrify               Tmut/Erth      ###.....     19%         4    ####...

Your spell library contained the following spells:

 Spells                   Type           Power        Failure   Level  Hunger


Dungeon Overview and Level Annotations

Branches:
Dungeon (6/15)             Temple (1/1) D:5

Altars:
Ashenzari
Cheibriados
Dithmenos
Elyvilon
Fedhas
Gozag
Hepliaklqana
Kikubaaqudgha
Makhleb
Nemelex Xobeh
Okawaru
Qazlal
Ru
Sif Muna
Trog
Uskayaw
Wu Jian
Xom

Shops:
D:4 [


Innate Abilities, Weirdness & Mutations

You can breathe blasts of noxious fumes.
Your lurid green scales are hard. (AC +6)
You cannot fit into any form of body armour.
Your system is resistant to poisons. (rPois)
You are cold-blooded and may be slowed by cold attacks.
Your large and strong wings let you fly indefinitely.
You have a pair of small horns on your head.


Message History

The two-headed ogre hits you with a giant club!
Casting: Stone Arrow (safe; 4% risk of failure)
Confirm with . or Enter, or press ? or * to list all spells.
Aiming: Petrify (slightly dangerous; 19% risk of failure)
Press: ? - help, Shift-Dir - straight line, f/p - two-headed ogre
Aim: a two-headed ogre, wielding two giant clubs (severely wounded, chance to The two-headed ogre easily resists.
The two-headed ogre closely misses you.
The two-headed ogre hits you with a giant club!!
* * * LOW HITPOINT WARNING * * *
Evoke which item? (* to show all) (? for menu, Esc to quit)
Aiming: Corrosive Bolt
Press: ? - help, Shift-Dir - straight line, f/p - two-headed ogre
Aim: a two-headed ogre, wielding two giant clubs (heavily wounded)
The bolt of acid hits the two-headed ogre.
The two-headed ogre is splashed with acid.
The acid corrodes the two-headed ogre!
The two-headed ogre is almost dead.
The two-headed ogre hits you with a giant club!!
Ouch! That really hurt!
You die...

#.##.# #.##.# #.##.#
##...## #.##.#
##)..[.###.##.##.#
###.......##.##.##.#
.........##.#..##.#
#.......##.#O###.#
#.....# #.#@# #.#
#...# #.#.# #.#
#(#####.#.###.#
#)()).........#
#######^#.#####
#......# #.##.### #
#.# #<#


You could see a two-headed ogre.

Vanquished Creatures
  Sigmund (D:2)
  A water moccasin (D:5)
  2 sky beasts (D:5)
  An ogre (D:3)
  A crocodile (Sewer)
  A scorpion (D:4)
  2 crimson imps (D:5)
  Crazy Yiuf (D:2)
  A jelly (D:5)
  2 hounds
  An orc wizard (D:3)
  3 centaur skeletons
  An orc priest (D:5)
  Jessica (D:2)
  An iguana (D:5)
  A worker ant (D:4)
  A worker ant zombie (D:5)
  3 gnolls (D:4)
  5 adders
  A river rat (D:4)
  2 oozes (D:3)
  An adder skeleton (D:4)
  5 worms
  2 dart slugs
  2 leopard geckos
  21 orcs
  A ball python (D:4)
  6 giant cockroaches
  5 goblins
  7 hobgoblins
  7 jackals
  3 quokkas
  13 bats
  3 frilled lizards
  7 kobolds
  8 rats
124 creatures vanquished.

Notes
Turn   | Place    | Note
-------+----------+-------------------------------------------
     0 | D:1      | Folque the Draconian Earth Elementalist began the quest for
                  | the Orb.
     0 | D:1      | Reached XP level 1. HP: 14/14 MP: 3/3
   542 | D:1      | Reached XP level 2. HP: 20/20 MP: 5/5
   989 | D:2      | Noticed Sigmund
  1000 | D:2      | Gained mutation: You have a pair of small horns on your
                  | head. [potion of mutation]
  1000 | D:2      | Gained mutation: Your spells are a little easier to cast,
                  | but a little less powerful. [potion of mutation]
  1000 | D:2      | Gained mutation: Your large and strong wings let you fly
                  | indefinitely. [potion of mutation]
  1000 | D:2      | Lost mutation: Your spells are a little easier to cast, but
                  | a little less powerful. [potion of mutation]
  1116 | D:1      | Learned a level 2 spell: Passwall
  1166 | D:2      | Noticed Jessica
  1168 | D:2      | Killed Jessica
  1168 | D:2      | Reached skill level 4 in Earth Magic
  1168 | D:2      | Reached XP level 3. HP: 26/26 MP: 4/6
  1182 | D:2      | Learned a level 3 spell: Stone Arrow
  1266 | D:2      | Reached skill level 1 in Conjurations
  1331 | D:2      | Reached XP level 4. HP: 26/33 MP: 0/8
  1403 | D:2      | Killed Sigmund
  1403 | D:2      | Reached XP level 5. HP: 38/38 MP: 0/10
  1957 | D:2      | Found a runed door.
  1961 | D:2      | Noticed Crazy Yiuf
  1964 | D:2      | Killed Crazy Yiuf
  1964 | D:2      | Reached XP level 6. HP: 45/45 MP: 3/11
  1973 | D:2      | Learned a level 5 spell: Lee's Rapid Deconstruction
  2099 | D:3      | Found a deep blue altar of Sif Muna.
  2099 | D:3      | Found a burning altar of Makhleb.
  2102 | D:3      | Became a worshipper of Sif Muna the Loreminder
  2800 | D:4      | Found Wuobawuy's Armour Boutique.
  3044 | D:4      | Your scales start taking on a lurid green colour.
  3044 | D:4      | Reached XP level 7. HP: 39/51 MP: 5/13
  3044 | D:4      | Gained mutation: Your system is resistant to poisons.
                  | (rPois) [Green Draconian growth]
  3047 | D:4      | Reached skill level 5 in Earth Magic
  3196 | D:4      | Reached skill level 1 in Fighting
  3407 | D:4      | Found a glowing drain.
  3411 | Sewer    | Entered a sewer
  3715 | D:5      | Entered Level 5 of the Dungeon
  3731 | D:5      | Reached skill level 6 in Earth Magic
  4190 | D:5      | Reached * piety under Sif Muna
  4223 | D:5      | Reached XP level 8. HP: 12/63 MP: 1/14
  4472 | D:5      | Learned a level 4 spell: Petrify
  4616 | D:5      | Found an iron altar of Okawaru.
  4620 | D:5      | Reached skill level 7 in Earth Magic
  5317 | D:5      | Found a staircase to the Ecumenical Temple.
  5323 | Temple   | Entered the Ecumenical Temple
  5547 | D:6      | Noticed a two-headed ogre
  5566 | D:6      | Demolished by a two-headed ogre

Skill      XL: |  1  2  3  4  5  6  7  8 |
---------------+-------------------------+-----
Earth Magic    | 4 6 7 |  7.5
Conjurations   | 1 3 4 |  4.2
Spellcasting   | 3 4 |  4.4
Fighting       | 3 |  3.2
Transmutations | 2 |  2.4
Dodging        | |  1.7
Stealth        | |  1.7

Action                   |  1- 3 |  4- 6 |  7- 9 || total
-------------------------+-------+-------+-------++-------
Melee: Hand axe          |    56 |     5 |       ||    61
       Tailslap          |     5 |    14 |     7 ||    26
       Unarmed           |     1 |       |       ||     1
       Headbutt          |     2 |     9 |     5 ||    16
       Scythe            |       |   155 |   106 ||   261
 Cast: Sandblast         |    10 |     7 |    18 ||    35
       Stone Arrow       |     2 |    15 |    31 ||    48
       Lee's Rapid Decon |       |       |     3 ||     3
       Petrify           |       |       |     1 ||     1
 Abil: Breathe Noxious F |       |       |     2 ||     2
       Fly               |       |       |     1 ||     1
       Stop Flying       |       |       |     1 ||     1
Evoke: Wand              |       |       |     1 ||     1
  Use: Potion            |     1 |       |       ||     1
 Stab: Sleeping          |     5 |     1 |     4 ||    10
       Confused          |       |       |     1 ||     1
  Eat: Chunk             |     1 |     8 |    10 ||    19
       Ration            |       |       |     1 ||     1
Armor: Skin              |    18 |    89 |    53 ||   160
Dodge: Dodged            |    35 |   144 |   107 ||   286
